 Dungeon Crawl Stone Soup version 0.19.1-1-g22dce08 (webtiles) character file.

130 sveltemanboy the Conjurer (level 4, -6/33 HPs)
             Began as a Draconian Wizard on Jan 4, 2017.
             Was an Initiate of Ashenzari.
             Mangled by a river rat (9 damage)
             ... summoned by Eustachio
             ... on level 4 of the Dungeon.
             The game lasted 00:06:50 (3515 turns).

sveltemanboy the Conjurer (Draconian Wizard)        Turns: 3515, Time: 00:06:50

Health: -6/33      AC:  5    Str: 15    XL:     4   Next: 90%
Magic:  6/8        EV: 12    Int: 19    God:    Ashenzari [......]
Gold:   158        SH:  0    Dex:  9    Spells: 4 memorised, 0 levels left

rFire  + . .     SeeInvis .     h - +1 mace (venom)
rCold  . . .     Gourm    .     (armour unavailable)
rNeg   . . .     Faith    .     (no shield)
rPois  +         Spirit   .     a - +0 hat
rElec  .         Reflect  .     (no cloak)
rCorr  .         Harm     .     (no gloves)
MR     .....                    (no boots)
Stlth  ++........               (no amulet)
                                p - ring of protection from fire
                                d - ring of poison resistance

@: mighty
A: unfitting armour, cold-blooded, AC +5
a: Curse Item, Renounce Religion


You were on level 4 of the Dungeon.
You worshipped Ashenzari.
Ashenzari was noncommittal.
You were not hungry.

You visited 1 branch of the dungeon, and saw 4 of its levels.

You collected 158 gold pieces.

Inventory:

Hand Weapons
 h - a +1 mace of venom (weapon)
 o - a +2 flail of crushing
Armour
 a - a +0 hat (worn)
Jewellery
 d - a ring of poison resistance (left hand)
 p - a ring of protection from fire (right hand)
Scrolls
 g - a scroll of identify
 j - 2 scrolls of noise
 l - a scroll of fear {unknown}
 m - a scroll of enchant armour {unknown}
Potions
 e - a potion of cancellation {unknown}
 n - a potion of curing {unknown}
 q - a potion of flight {unknown}
 t - a potion of might
 v - a potion of mutation {unknown}
 w - a potion of agility {unknown}
Books
 b - a book of Minor Magic

   Spells                             Type                      Level
   a - Magic Dart                     Conjuration                  1
   b - Blink                          Translocation                2
   c - Call Imp                       Summoning                    2
   d - Repel Missiles                 Charms/Air                   2
   e - Slow                           Hexes                        2
   f - Conjure Flame                  Conjuration/Fire             3
   g - Mephitic Cloud                 Conjuration/Poison/Air       3
Comestibles
 c - 4 bread rations
 i - a meat ration
 r - 3 fruits
 s - a royal jelly
 u - a chunk of flesh


   Skills:
 - Level 1.7 Dodging
 - Level 1.7 Stealth
 - Level 3.0 Spellcasting
 + Level 4.0 Conjurations
 + Level 2.5 Summonings
   Level 1.0 Translocations


You couldn't memorise any spells.
You knew the following spells:

 Your Spells              Type           Power        Failure   Level  Hunger
a - Magic Dart            Conj           ###.         3%          1    None
b - Call Imp              Summ           ##......     10%         2    ##.....
c - Conjure Flame         Conj/Fire      ##......     21%         3    ###....
d - Mephitic Cloud        Conj/Pois/Air  #.......     28%         3    ###....


Dungeon Overview and Level Annotations

Branches:
Dungeon (4/15)
 Temple: D:4-7

Altars:
Ashenzari
Gozag
Zin

Annotations:
D:4 Eustachio


Innate Abilities, Weirdness & Mutations

Your plain brown scales are hard. (AC +5)
You cannot fit into any form of body armour.
You are cold-blooded and may be slowed by cold attacks.


Message History

Your +0 mace of venom glows red for a moment.
The river rat misses you.
Your shadow imp hits Eustachio.
Eustachio misses you.
As you read the scroll labeled YSADDU NOWAEF, it crumbles to dust.
It is a scroll of identify.
j - 2 scrolls of noise Your crimson imp disappears in a puff of smoke!
The river rat barely misses you.
Your shadow imp gestures at Eustachio.
Eustachio writhes in agony!
Eustachio barely misses you.
As you read the scroll labeled VOULYU FASI, it crumbles to dust.
The scroll dissolves into smoke.
It was a scroll of fog.
The river rat bites you but does no damage.
Your shadow imp hits Eustachio.
Eustachio barely misses you. The river rat bites you!
* * * LOW HITPOINT WARNING * * *
Your shadow imp hits Eustachio.
It was a potion of might.
You feel very mighty all of a sudden. The river rat bites you!
You die...

# #.### ......
.....$###########
.§....§§§§......#
.......5§§......#
#+####.§§§......+
#§.§r@.!...# ##
#####@###### .# #.# .# .#
#.#########
#####...########.........$
....................#####
.#####.#######.####..#
.#####.......#.#####.#
.......................
###........#.#.#####..##


You could see Eustachio and a river rat.

Vanquished Creatures
  A worker ant (D:3)
  3 adders (D:2)
  2 oozes
  A worm (D:3)
  A dart slug (D:3)
  2 leopard geckos (D:2)
  2 orcs (D:3)
  4 bats
  4 giant cockroaches
  9 goblins
  5 hobgoblins
  2 jackals (D:1)
  5 kobolds
  3 quokkas
  A frilled lizard (D:1)
  A quokka skeleton (D:4)
  5 rats
51 creatures vanquished.

Vanquished Creatures (collateral kills)
  An adder (D:2)
  A leopard gecko (D:2)
  A hobgoblin (D:2)
3 creatures vanquished.

Grand Total: 54 creatures vanquished

Notes
Turn   | Place    | Note
-------+----------+-------------------------------------------
     0 | D:1      | sveltemanboy the Draconian Wizard began the quest for the Orb.
     0 | D:1      | Reached XP level 1. HP: 14/14 MP: 4/4
   226 | D:1      | Reached skill level 2 in Conjurations
   342 | D:1      | Reached XP level 2. HP: 20/20 MP: 4/6
   346 | D:1      | Learned a level 2 spell: Call Imp
   928 | D:2      | Found an opulent altar of Gozag.
  1140 | D:2      | Reached skill level 3 in Conjurations
  1140 | D:2      | Reached XP level 3. HP: 26/26 MP: 3/7
  1145 | D:2      | Learned a level 3 spell: Conjure Flame
  1805 | D:2      | Reached XP level 4. HP: 30/33 MP: 3/8
  2518 | D:3      | Found a shattered altar of Ashenzari.
  2533 | D:3      | Became a worshipper of Ashenzari the Shackled
  2687 | D:3      | Found a glowing silver altar of Zin.
  3188 | D:3      | Found a faded altar of an unknown god.
  3358 | D:3      | Reached skill level 4 in Conjurations
  3448 | D:4      | Learned a level 3 spell: Mephitic Cloud
  3496 | D:4      | Noticed Eustachio
  3515 | D:4      | Mangled by a river rat

Skill      XL: |  1  2  3  4 |
---------------+-------------+-----
Conjurations   | 2 3 4 |  4.0
Summonings     | 2 |  2.5
Dodging        | |  1.7
Stealth        | |  1.7
Spellcasting   | |  3.0
Translocations | |  1.0

Action                   |  1- 3 |  4- 6 || total
-------------------------+-------+-------++-------
Melee: Unarmed           |     3 |       ||     3
       Tailslap          |     1 |     1 ||     2
       Mace              |    39 |    33 ||    72
 Cast: Magic Dart        |    54 |    44 ||    98
       Call Imp          |       |     4 ||     4
  Use: Scroll            |       |     3 ||     3
       Potion            |       |     1 ||     1
 Stab: Sleeping          |       |     1 ||     1
  Eat: Chunk             |     3 |     5 ||     8
Armor: Skin              |    14 |    16 ||    30
Dodge: Dodged            |    33 |    54 ||    87
